 Dungeon Crawl Stone Soup version 0.27.1-34-g3ba077fa99 (webtiles) character file.

Game seed: 6099588895936434654

34 pkoi the Ruffian (level 3, 0/29 HPs)
             Began as a Draconian Warper on Jan 3, 2022.
             Slain by a jackal (1 damage)
             ... on level 2 of the Dungeon.
             The game lasted 00:02:19 (2204 turns).

pkoi the Ruffian (Draconian Warper)                 Turns: 2204, Time: 00:02:19

Health: 0/29       AC:  5    Str: 13    XL:     3   Next: 14%
Magic:  6/6        EV: 12    Int: 14    God:
Gold:   46         SH:  0    Dex: 10    Spells: 4/6 levels left

rFire    . . .     SeeInvis .   c - +0 dagger
rCold    . . .     Faith    .   (no shield)
rNeg     . . .     Spirit   .   (armour unavailable)
rPois    .         Reflect  .   (helmet restricted)
rElec    .         Harm     .   (no cloak)
rCorr    .         Rampage  .   (no gloves)
Will     .....                  (no boots)
Stlth    +.........             (no amulet)
HPRegen  0.09/turn              (no ring)
MPRegen  0.10/turn              (no ring)

@: no status effects
A: AC +5, unfitting armour, cold-blooded
a: no special abilities


You were on level 2 of the Dungeon.
You visited 1 branch of the dungeon, and saw 2 of its levels.

You collected 46 gold pieces.

Inventory:

Hand Weapons
 c - a +0 dagger (weapon)
 e - a +0 whip
Missiles
 b - 2 boomerangs of dispersal (quivered)
Scrolls
 a - a scroll of blinking


   Skills:
 - Level 2.1 Fighting
 - Level 0.8 Throwing
 - Level 2.1 Dodging
 + Level 3.6 Unarmed Combat
 - Level 2.0 Spellcasting
 - Level 3.0 Translocations


You had 4 spell levels left.
You knew the following spells:

 Your Spells              Type           Power      Damage    Failure   Level
a - Blink                 Tloc           N/A        N/A       11%         2

Your spell library contained the following spells:

 Spells                   Type           Power      Damage    Failure   Level
 Gell's Gravitas          Tloc           4%         N/A       21%         3
 Lesser Beckoning         Tloc           4%         N/A       21%         3
 Teleport Other           Tloc           9%         N/A       21%         3
 Frozen Ramparts          Ice            2%         1d2       56%         3
 Ice Form                 Ice/Tmut       1%         N/A       93%         4
 Summon Ice Beast         Ice/Summ       1%         N/A       93%         4
 Manifold Assault         Tloc           9%         N/A       88%         5
 Summon Mana Viper        Hex/Summ       1%         N/A       100%        5
 Monstrous Menagerie      Summ           0%         N/A       100%        7


Dungeon Overview and Level Annotations

Branches:
Dungeon (2/15)

Altars:


Innate Abilities, Weirdness & Mutations

Your plain brown scales are hard. (AC +5)
You cannot fit into any form of body armour.
You are cold-blooded and may be slowed by cold attacks.


Message History

You kill the adder!
You feel sick.
You have reached level 3!
Your experience leads to an increase in your attributes!
Increase (S)trength, (I)ntelligence, or (D)exterity?
You feel clever.
Your scales feel tougher.
You hit the jackal but do no damage. You tail-slap the jackal.
The jackal is moderately wounded.
You feel sick.
You are no longer poisoned.
The jackal bites you but does no damage.
The jackal closely misses you.
You hit the jackal.
The jackal is heavily wounded.
The jackal misses you.
You hit the jackal.
You tail-slap the jackal, but do no damage.
The jackal is almost dead.
The jackal bites you but does no damage.
You hit the jackal but do no damage.
The jackal is almost dead.
The jackal barely misses you. x2
You closely miss the jackal.
The jackal is almost dead.
The jackal closely misses you.
You closely miss the jackal.
You tail-slap the jackal, but do no damage.
The jackal is severely wounded.
The jackal barely misses you. x2
You closely miss the jackal.
The jackal is severely wounded.
The jackal closely misses you.
You hit the jackal.
You kill the jackal!
The jackal bites you.
* * * LOW HITPOINT WARNING * * *
You hit the jackal.
The jackal is severely wounded.
The jackal bites you.
You die...

#.....##
.......
##.....#
.....
#....###
.....
#.#### ...
#.# .h.
#.# #h#
#.# #h#
#.# #@#
#.# #.#
#.#
#.#####
##.#######
#.....#
#.........
#####.#
#..#######
#.#
#.........
#.#
#.#####...
#.# #.#
##.... #.#
#.# #.....


You could see 3 jackals.

Vanquished Creatures
  An adder (D:2)
  A worm (D:2)
  A bat (D:2)
  3 endoplasms
  A giant cockroach (D:2)
  A goblin (D:1)
  A hobgoblin (D:2)
  3 jackals (D:2)
  4 kobolds
  A ball python (D:1)
  3 rats
20 creatures vanquished.

Notes
Turn   | Place    | Note
-------+----------+-------------------------------------------
     0 | D:1      | pkoi the Draconian Warper began the quest for the Orb.
     0 | D:1      | Reached XP level 1. HP: 17/17 MP: 3/3
  1046 | D:1      | Found a faded altar of an unknown god.
  1262 | D:1      | Reached XP level 2. HP: 24/24 MP: 5/5
  1288 | D:1      | HP: 1/24 [poisoned by an adder]
  1302 | D:2      | HP: 1/24 [kobold (1)]
  1711 | D:2      | Learned a level 2 spell: Blink
  2196 | D:2      | Reached XP level 3. HP: 4/29 MP: 6/6
  2203 | D:2      | HP: 1/29 [jackal (3)]
  2204 | D:2      | Slain by a jackal

Illustrated notes

Levels and vault maps discovered:
D:1:      nzn_arrival_water_spiral, layout_basic,
          shapermc_ecumenical_altar_ellora
D:2:      layout_loops_ring

Skill      XL: |  1  2 |
---------------+-------+-----
Unarmed Combat | 3 |  3.6
Fighting       | |  2.1
Throwing       | |  0.8
Dodging        | |  2.1
Spellcasting   | |  2.0
Translocations | |  3.0

Action                   || total
-------------------------++-------
Melee: Dagger            ||   109
       Unarmed           ||    10
       Tailslap          ||    12
       Punch             ||     1
Throw: Boomerang         ||     3
  Use: Scroll            ||     2
       Potion            ||     1
Armor: Skin              ||    31
Dodge: Dodged            ||    94
